 Dungeon Crawl Stone Soup version 0.30-b1-2-g02819fbbbe (webtiles) character file.

Game seed: 10619019278411812407

14 Alarkh the Sneak (level 2, 24/24 HPs)
             Began as a Demonspawn Delver on May 22, 2023.
             Quit the game on level 5 of the Dungeon.
             The game lasted 00:00:33 (192 turns).

Alarkh the Sneak (Demonspawn Delver)                 Turns: 192, Time: 00:00:33

Health: 24/24      AC:  3    Str: 12    XL:     2   Next: 31%
Magic:  2/2        EV: 11    Int: 11    God:
Gold:   5          SH:  0    Dex: 14    Spells: 1/1 levels left

rFire   . . .        h - +0 morningstar
rCold   . . .        (no shield)
rNeg    . . .        a - +0 leather armour
rPois   .            (helmet restricted)
rElec   .            (no cloak)
rCorr   .            (no gloves)
SInv    .            (no boots)
Will    .....        (no amulet)
Stlth   ++           (no ring)
HPRegen 0.24/turn    (no ring)
MPRegen 0.08/turn

%: no passive effects
@: no status effects
A: antennae 1
a: no special abilities


You were on level 5 of the Dungeon.
You visited 1 branch of the dungeon, and saw 2 of its levels.

You collected 5 gold pieces.

Inventory:

Hand Weapons
 h - a +0 morningstar (weapon)
Armour
 a - a +0 leather armour (worn)
Wands
 f - a wand of digging (3)
Scrolls
 b - a scroll of fog
 c - a scroll of brand weapon {unknown}
 d - a scroll of fear
Potions
 e - a potion of haste
 g - a potion of heal wounds {unknown}
 i - a potion of magic {unknown}


   Skills:
 - Level 3.0 Fighting
 - Level 1.7 Dodging
 - Level 4.5 Stealth
 + Level 2.7 Unarmed Combat


You had one spell level left.
You didn't know any spells.
Your spell library was empty.

Dungeon Overview and Level Annotations

Branches:
Dungeon (5/15)
 Temple: D:4-7

Altars:


Innate Abilities, Weirdness & Mutations

You have a pair of small antennae on your head.


Message History

The puff of frost misses you.
The white imp sputters.
The ufetubus hits you. x2
You barely miss the ufetubus. The ufetubus hits you.
The ufetubus hits you but does no damage.
The ufetubus hits you.
The ufetubus hits you but does no damage.
You hit the ufetubus.
The ufetubus is severely wounded.
The ufetubus closely misses you. The ufetubus misses you.
You thump the white imp!
You kill the white imp!
The ufetubus completely misses you.
The ufetubus hits you but does no damage.
You have reached level 2!
Your demonic ancestry asserts itself...
A pair of antennae grows on your head!
You miss the ufetubus. Your punch misses the ufetubus.
The ufetubus is severely wounded.
The ufetubus closely misses you. The ufetubus barely misses you.
The ufetubus closely misses you. The ufetubus hits you.
The ufetubus barely misses you. The ufetubus hits you.
You barely miss the ufetubus.
The ufetubus is severely wounded.
The ufetubus hits you.
* * * LOW HITPOINT WARNING * * *
The ufetubus hits you but does no damage.
The ufetubus hits you.
* * * LOW HITPOINT WARNING * * *
The ufetubus barely misses you.
You sock the ufetubus!
You kill the ufetubus!
There is an open door here.
You start resting.
HP restored.
You start resting.
HP restored.
Are you sure you want to abandon this character and quit the game? (Confirm with "yes".)
Okay, then.
Are you sure you want to abandon this character and quit the game? (Confirm with "yes".)

.# #...........# .#
#...........# ......# ##
#...........# ......#
#...........# ......#
#...........# ......# ##
#...........# ......# .#
#..<...>.######......#
.###.......>##...#......#
.'...........'..@'.......
.########...##...#......#
.# #...##...#......# .#
.....##...######## ...
#......##...# ...
#.....###...# #...
#.....# #...# .. #.....#
#...# #...#


There were no monsters in sight!

Vanquished Creatures
  A white imp (D:5)
  An ufetubus (D:5)
  An orc (D:5)
3 creatures vanquished.

Notes
Turn   | Place    | Note
-------+----------+-------------------------------------------
     0 | D:5      | Alarkh the Demonspawn Delver began the quest for the Orb.
     0 | D:5      | Reached XP level 1. HP: 18/18 MP: 1/1
     7 | D:4      | Noticed an orc wizard
   119 | D:5      | Gained mutation: You have a pair of small antennae on your
                  | head. [demonic ancestry]
   119 | D:5      | Reached XP level 2. HP: 10/24 MP: 2/2
   192 | D:5      | Quit the game

Illustrated notes

Levels and vault maps discovered:
D:4:      layout_rooms, overflow_temple_1_default, uniq_duvessa, uniq_grinder
D:5:      layout_basic, tso_altar, mainiacjoe_overflow_alcove_1

Skill      XL: |  1 |
---------------+----+-----
Unarmed Combat | 2 |  2.7
Fighting       | |  3.0
Dodging        | |  1.7
Stealth        | |  4.5

Action                     || total
---------------------------++-------
  Melee: Unarmed           ||    10
         Morningstar       ||     6
    Use: Scroll            ||     2
 Armour: Leather armour    ||     5
  Dodge: Dodged            ||    15
